 Dungeon Crawl Stone Soup version 0.29.1-12-g30fa7ad0bf (webtiles) character file.

Game seed: 1857298852795570312

386883 sanboga the Hoplite (level 22, -3/333 HPs)
             Began as a Minotaur Berserker on Jan 18, 2023.
             Was the Champion of Trog.
             Succumbed to a tengu reaver's bolt of poison
             ... on level 4 of the Vaults on Jan 19, 2023.
             The game lasted 00:59:05 (52048 turns).

sanboga the Hoplite (Minotaur Berserker)           Turns: 52048, Time: 00:59:06

Health: -3/333     AC: 40    Str: 30    XL:     22   Next: 1%
Magic:  1/21       EV: 14    Int:  4    God:    Trog [******]
Gold:   3626       SH: 40    Dex: 16    Spells: 21/21 levels left

rFire   + + .      SeeInvis +   a - +9 broad axe (flame)
rCold   + + +      Faith    .   d - +10 tower shield of Ignorance {rN+ Int-4}
rNeg    + . .      Spirit   .   c - +10 plate armour of Faex {rF+ Dex+2}
rPois   .          Reflect  +   e - +0 hat of Good Intentions {Int+2}
rElec   .          Harm     .   s - scarf {rC+ rF+}
rCorr   .          Rampage  ∞   l - +2 pair of gloves {infuse}
Will    +....                   P - +3 pair of seven-league boots {Rampage+∞}
Stlth   ..........              y - amulet of reflection
HPRegen 0.65/turn               o - +4 ring of evasion
MPRegen 0.17/turn               i - ring of Crawling {Fly rC++ Dex+3 SInv}

@: berserking, lethally poisoned (-3 -> -31), flying, studying Polearms, very
quick
A: horns 2, retaliatory headbutt
}: 2/15 runes: serpentine, barnacled
a: Renounce Religion, Berserk, Trog's Hand, Brothers in Arms


You were on level 4 of the Vaults.
You worshipped Trog.
Trog was exalted by your worship.
You visited 6 branches of the dungeon, and saw 34 of its levels.
You visited the Abyss 3 times.
You also visited: Trove, Ice Cave, Wizlab and Desolation.

You collected 4171 gold pieces.
You spent 545 gold pieces at shops.

Inventory:

Hand Weapons
 a - a +9 broad axe of flaming (weapon)
 b - a +5 broad axe of electrocution
Armour
 c - the +10 plate armour of Faex (worn) {rF+ Dex+2}
   (You found it in a treasure trove)

   Dex:       It affects your dexterity (+2).
   rF:        It protects you from fire.
 d - the +10 tower shield of Ignorance (worn) {rN+ Int-4}
   (You found it in a treasure trove)

   Int:       It affects your intelligence (-4).
   rN:        It protects you from negative energy.
 e - the +0 hat of Good Intentions (worn) {Int+2}
   (You found it in a treasure trove)

   Int:       It affects your intelligence (+2).
 l - a +2 pair of gloves of infusion (worn)
 s - a scarf of resistance (worn)
 P - the +3 pair of seven-league boots (worn) {Rampage+∞}
   (You acquired it on level 3 of the Snake Pit)

   Its wearer moves as far as possible in that direction when moving towards
   enemies.
Jewellery
 i - the ring of Crawling (right hand) {Fly rC++ Dex+3 SInv}
   (You found it on level 1 of the Shoals)

   [ring of flight]

   Dex:       It affects your dexterity (+3).
   rC:        It greatly protects you from cold.
   SInv:      It lets you see invisible.
   Fly:       It grants you flight.
 o - a +4 ring of evasion (left hand)
 y - an amulet of reflection (around neck)
 F - a ring of protection from fire
 K - a ring of protection from fire
Wands
 n - a wand of digging (17)
 v - a wand of roots (36)
 A - a wand of charming (30)
 C - a wand of light (24)
 E - a wand of flame (61)
 J - a wand of polymorph (14)
Scrolls
 f - a scroll of silence
 h - 15 scrolls of teleportation
 j - 4 scrolls of fear
 m - 4 scrolls of enchant armour
 q - 2 scrolls of fog
 r - 4 scrolls of magic mapping
 w - 23 scrolls of identify
 D - 2 scrolls of blinking
Potions
 k - 7 potions of berserk rage
 p - 5 potions of haste
 t - 2 potions of cancellation
 u - 6 potions of might
 x - 3 potions of resistance
 z - 5 potions of invisibility
 B - 18 potions of curing
 G - 9 potions of mutation
 H - 6 potions of heal wounds


   Skills:
 + Level 24.1 Fighting
 - Level 21.2 Axes
 + Level 24.0 Armour
 - Level 2.1 Dodging
 * Level 26.6 Shields


You had 21 spell levels left.
You didn't know any spells.
Your spell library was empty.

Dungeon Overview and Level Annotations

Branches:
Dungeon (15/15)            Temple (1/1) D:5            Lair (5/5) D:9
 Shoals (4/4) Lair:2        Snake (4/4) Lair:2        Slime (0/5) Lair:5
    Orc (0/2) D:10         Vaults (5/5) D:13          Crypt (0/3) Vaults:3
 Depths (0/4) D:15          IceCv (visited)          WizLab (visited)
Desolation (visited)

Altars:
Ashenzari
Cheibriados
Dithmenos
Elyvilon
Fedhas
Gozag
Hepliaklqana
Kikubaaqudgha
Makhleb
Nemelex Xobeh
Okawaru
Qazlal
Ru
Sif Muna
Trog
Uskayaw
Vehumet
Wu Jian
Xom
Yredelemnul
Zin
The Shining One
Jiyva
Lugonu

Shops:
D:2 !   D:7 [   Shoals:2 [   Shoals:3 !   Snake:2 :   Vaults:1 *   Vaults:4 [

Portals:
Abyss: Lair:5

Annotations:
D:11 1 transporter
Vaults:5 Sojobo


Innate Abilities, Weirdness & Mutations

You have a pair of horns on your head.
You reflexively headbutt those who attack you in melee.


Message History

You burn the tentacled monstrosity.
You feel sick. You block the tengu reaver's attack. x2
The tengu reaver claws you but does no damage.
You slice the tengu reaver!! You burn the tengu reaver.
You headbutt the tengu reaver!
The tengu reaver is almost dead.
You slice the tengu reaver!! You burn the tengu reaver!
You slash the tentacled monstrosity! You burn the tentacled monstrosity.
You slash the tengu reaver!
You feel sick.
The tengu reaver points at you and mumbles some strange words.
The bolt of cold hits you. You resist.
* * * LOW HITPOINT WARNING * * *
You chop the tentacled monstrosity into pieces!!!
You kill the tentacled monstrosity!
Trog accepts your kill.
You slash the tengu reaver! You burn the tengu reaver.
You kill the tengu reaver!
Trog accepts your kill.
Trog appreciates your killing of a magic user.
You miss the tengu reaver. You slash the tengu reaver!
You burn the tengu reaver.
You feel sick.
The tengu reaver points at you and mumbles some strange words.
The bolt of poison hits you!!!
You are more poisoned.
* * * LOW HITPOINT WARNING * * *
You have reached level 22!
You barely miss the tengu reaver. You headbutt the tengu reaver.
The tengu reaver is almost dead.
You slice the tengu reaver!! You burn the tengu reaver.
You feel the power of Trog in you as your rage grows.
You kill the tengu reaver!
Trog accepts your kill.
Trog appreciates your killing of a magic user.
* * * LOW HITPOINT WARNING * * *
You feel very sick.
You miss the tengu reaver. You headbutt the tengu reaver!
You kill the tengu reaver!
Trog accepts your kill.
Trog appreciates your killing of a magic user.
You die...

#.........#...............#####'#
#......)..#......................
#......[..'......................
#.........#......................
#..<......#......................
#.........###'###'###############
#.........# #........#
########### #..÷)....# #..)@....#
#...))...# #........# #........#
##########


There were no monsters in sight!

Vanquished Creatures
  A dread lich (Vaults:4)
  Mara (Vaults:3)
  Vashnia (Snake:3)
  Saint Roka (Snake:3)
  2 golden dragons (Vaults:4)
  Nikola (Shoals:2)
  6 tentacled monstrosities
  Mlioglotl (Lair:2)
  A titan (Vaults:4)
  2 liches
  4 krakens
  2 quicksilver dragons
  4 tentacled starspawn (Abyss:3)
  3 sphinxes
  An ancient champion (WizLab)
  Gastronok (D:9)
  Frances (Shoals:1)
  4 tengu reavers
  4 revenants (WizLab)
  7 nagarajas
  2 frost giants
  An imperial myrmidon (Desolation)
  3 fire giants
  8 vault wardens
  An iron dragon (Vaults:5)
  2 caustic shrike zombies (WizLab)
  Louise (D:15)
  Aizul (Snake:3)
  14 ironbound preservers
  2 orc warlords
  2 very ugly things (Vaults:2)
  7 ironbound thunderhulks
  4 war gargoyles
  A spectral titan (WizLab)
  11 dire elephants
  4 entropy weavers
  3 minotaurs
  4 halazid warlocks (WizLab)
  The ghost of Powssss the Protected, a journeyman MiFi of Okawaru (Shoals:1)
  The ghost of Veeshiej the Spear-Bearer, a journeyman MiFi of Okawaru (Lair:4)
  3 ettins
  An eidolon (WizLab)
  3 deep elf death magi (WizLab)
  10 merfolk impalers
  4 crystal guardians
  5 ragged hierophants (Desolation)
  10 yaktaur captains
  5 merfolk javelineers
  3 jiangshi
  Harold (Lair:2)
  3 great orbs of eyes
  30 vault guards
  9 ironbound frosthearts
  4 hydras
  A salamander tyrant (Snake:4)
  7 boulder beetles
  15 peacekeepers
  A rakshasa (D:14)
  4 servants of whispers (Desolation)
  14 anacondas
  3 merfolk avatars
  The ghost of cheesebisquit the Grappler, a novice TrFi (D:10)
  16 centaur warriors
  An ogre mage (D:15)
  An alligator snapping turtle (Shoals:1)
  20 naga warriors
  6 two-headed ogres
  A dancing weapon (D:10)
  11 satyrs
  A tengu warrior (D:15)
  A titan zombie (WizLab)
  4 death yaks (IceCv)
  5 merfolk aquamancers
  A vampire mage (WizLab)
  8 thrashing horrors
  9 shock serpents
  A hell knight (D:15)
  17 naga sharpshooters
  3 shadow wraiths (WizLab)
  Nergalle (D:10)
  A sixfirhy (Abyss:2)
  43 deep trolls
  2 wretched stars
  A salamander mystic (Snake:4)
  8 sea snakes
  8 skeletal warriors
  2 flayed ghosts
  5 naga ritualists
  6 large abominations
  9 lindwurms
  15 harpies
  17 ironbound convokers
  12 wizards
  6 necromancers
  4 orc knights
  An orc sorcerer (D:15)
  7 phantasmal warriors
  2 wolf spiders (Lair:2)
  2 deep elf pyromancers
  10 mana vipers
  The ghost of Unforgiven the Skirmisher, a novice HuHu of Ru (D:8)
  A spectral spriggan (WizLab)
  A worldbinder (Abyss:2)
  3 cyclopes (D:14)
  15 fauns
  15 manticores
  8 salamanders
  17 ugly things
  2 moths of wrath (Shoals:1)
  14 merfolk sirens
  Maurice (D:10)
  3 water nymphs
  13 vault sentinels
  32 black mambas
  An ice statue (IceCv)
  9 elephants
  6 molten gargoyles
  24 naga magi
  9 cane toads
  Maggie (D:6)
  A gargoyle (D:14)
  25 guardian serpents
  2 smoke demons
  A torpor snail (Lair:4)
  An unseen horror (D:12)
  2 orange demons (Abyss:3)
  A rime drake (IceCv)
  A kobold demonologist (D:7)
  2 freezing wraiths
  11 komodo dragons
  25 yaktaurs
  2 tengu conjurers
  3 ancient zymes
  2 spectral harpies (WizLab)
  3 harpy zombies (WizLab)
  5 wind drakes
  A troll (shapeshifter) (D:14)
  A tarantella (shapeshifter) (D:15)
  36 merfolk
  78 saltlings
  4 trolls
  19 slime creatures
  12 polar bears
  3 hornets
  14 dream sheep (Lair:5)
  21 blink frogs
  12 snapping turtles
  2 spriggan zombies (WizLab)
  A raiju (Abyss:2)
  6 flying skulls (WizLab)
  A culicivora (Vaults:4)
  2 vampires (D:13)
  Sigmund (D:2)
  A culicivora (shapeshifter) (Lair:5)
  A shadow (D:11)
  3 water elementals
  5 starcursed masses
  A spriggan (shapeshifter) (Lair:5)
  A spriggan (Lair:5)
  47 yaks
  5 wraiths
  A ynoxinul (Lair:5)
  Eustachio (D:5)
  6 basilisks (Lair:5)
  A human (shapeshifter) (Lair:5)
  2 fire bats (Abyss:4)
  2 chaos spawn
  17 humans (D:13)
  4 wyverns
  2 wargs
  2 redbacks (Vaults:2)
  49 nagas
  2 acid dragons (D:11)
  19 water moccasins
  17 orc warriors
  An ice beast (D:7)
  3 sky beasts
  2 black bears
  10 ogres
  An ogre (shapeshifter) (Lair:5)
  15 centaurs
  46 wolves
  6 kobold brigands
  Blork the orc (D:5)
  19 bullfrogs
  2 gnoll sergeants
  12 small abominations
  A necrophage (D:6)
  6 scorpions
  11 wights
  11 killer bees
  9 howler monkeys
  A quasit (Abyss:2)
  22 orc priests
  7 hounds
  4 jellies (Lair:5)
  5 gnoll boudas (D:7)
  An iron imp (Abyss:2)
  8 iguanas
  16 orc wizards
  16 gnolls
  7 adders
  A shadow imp (D:6)
  3 white imps
  An ufetubus (D:4)
  3 worms
  5 dart slugs
  45 orcs
  5 ball pythons
  9 endoplasms
  2 giant cockroaches
  7 goblins
  5 hobgoblins
  27 kobolds
  2 quokkas (D:1)
  6 bats
  6 frilled lizards
  4 rats
  6 starspawn tentacles (Abyss:3)
  14 tentacles
1586 creatures vanquished.

Vanquished Creatures (collateral kills)
  A hydra (shapeshifter) (D:14)
1 creature vanquished.

Vanquished Creatures (others)
  A naga sharpshooter (Snake:4)
  A wolf (Lair:5)
  25 fungi
  96 plants
  2 starspawn tentacles (Abyss:3)
  14 tentacles
  3 withered plants
142 creatures vanquished.

Grand Total: 1729 creatures vanquished

Notes
Turn   | Place    | Note
-------+----------+-------------------------------------------
     0 | D:1      | sanboga the Minotaur Berserker began the quest for the Orb.
     0 | D:1      | Reached XP level 1. HP: 19/19 MP: 0/0
   402 | D:1      | Reached XP level 2. HP: 27/27 MP: 1/1
   690 | D:1      | Reached ** piety under Trog
   691 | D:1      | Reached XP level 3. HP: 24/33 MP: 2/2
  1520 | D:2      | Found a shimmering altar of Xom.
  1612 | D:2      | Found Esopnow's Distillery.
  1708 | D:2      | Noticed Sigmund
  1717 | D:2      | Killed Sigmund
  1718 | D:2      | Reached skill level 5 in Fighting
  1718 | D:2      | Reached XP level 4. HP: 42/42 MP: 3/3
  1718 | D:2      | Reached XP level 5. HP: 48/48 MP: 4/4
  1840 | D:2      | Found a faded altar of an unknown god.
  1981 | D:2      | Identified the +1 ring mail of Wisdom {+Inv Str+3 Int+6
                  | Stlth-}
  2353 | D:3      | Reached XP level 6. HP: 47/56 MP: 5/5
  3142 | D:4      | Reached *** piety under Trog
  3357 | D:4      | Identified the +6 dagger "Osid" {elec, Str+3 Int+4}
  3991 | D:5      | Entered Level 5 of the Dungeon
  4040 | D:5      | Reached skill level 5 in Armour
  4040 | D:5      | Reached XP level 7. HP: 62/62 MP: 6/6
  4050 | D:5      | Noticed Blork the orc
  4068 | D:5      | Killed Blork the orc
  4293 | D:5      | Noticed Eustachio
  4321 | D:5      | Killed Eustachio
  4322 | D:5      | Reached XP level 8. HP: 71/71 MP: 7/7
  4651 | D:5      | Found a snail-covered altar of Cheibriados.
  4740 | D:5      | Found a staircase to the Ecumenical Temple.
  4784 | D:6      | Noticed Maggie
  4792 | D:6      | Killed Maggie
  4793 | D:6      | Reached skill level 10 in Axes
  5181 | D:6      | Reached XP level 9. HP: 81/81 MP: 8/8
  5199 | D:6      | Reached **** piety under Trog
  5660 | D:7      | Found a bloodstained altar of Trog.
  5834 | D:7      | Noticed a kobold demonologist
  5840 | D:7      | Noticed a hellwing
  5840 | D:7      | Reached ***** piety under Trog
  5841 | D:7      | Noticed a soul eater
  5842 | D:7      | Reached XP level 10. HP: 57/91 MP: 9/9
  5914 | D:7      | Received a gift from Trog
  6032 | D:7      | Identified the +1 robe of Sif Muna, Winnowing {-Tele Int+7}
  6070 | D:7      | Found a shimmering blue altar of Sif Muna.
  6243 | D:7      | Found a basalt altar of Yredelemnul.
  6251 | D:7      | Reached skill level 10 in Fighting
  6266 | D:7      | Found Tyfeg's Antique Armour Emporium.
  6282 | D:7      | Bought a pair of boots for 148 gold pieces
  6359 | D:7      | Noticed a two-headed ogre
  6365 | D:7      | Killed a two-headed ogre
  6394 | D:7      | Reached skill level 10 in Armour
  6704 | D:8      | Noticed a two-headed ogre
  6708 | D:8      | Killed a two-headed ogre
  6709 | D:8      | Reached XP level 11. HP: 101/101 MP: 10/10
  6864 | D:8      | Found a shimmering altar of Xom.
  6975 | D:8      | Noticed a centaur warrior
  6982 | D:8      | Killed a centaur warrior
  7048 | D:8      | Found a runed translucent door.
  7058 | D:8      | Reached skill level 15 in Axes
  7074 | D:8      | Noticed Unforgiven's ghost (novice HuHu)
  7083 | D:8      | Killed Unforgiven's ghost
  7111 | D:8      | Found a stormy altar of Qazlal.
  7261 | D:9      | Found a blossoming altar of Fedhas.
  7478 | D:9      | Noticed Gastronok
  7495 | D:9      | Killed Gastronok
  7629 | D:9      | Received a gift from Trog
  7683 | D:9      | Found a staircase to the Lair.
  7890 | D:9      | Found a radiant altar of Vehumet.
  7895 | D:9      | Found a burning altar of Makhleb.
  7903 | D:9      | Found a glowing golden altar of the Shining One.
  7903 | D:9      | Found a glowing silver altar of Zin.
  7906 | D:9      | Found an iron altar of Okawaru.
  8147 | D:10     | Entered Level 10 of the Dungeon
  8387 | D:10     | Noticed Nergalle
  8400 | D:10     | Killed Nergalle
  8824 | D:10     | Found a staircase to the Orcish Mines.
  8867 | D:10     | Noticed Maurice
  8872 | D:10     | Killed Maurice
  9137 | D:10     | Found a runed translucent door.
  9137 | D:10     | Found a shimmering altar of Xom.
  9137 | D:10     | Noticed cheesebisquit's ghost (novice TrFi)
  9154 | D:10     | Noticed a +1 hand axe of chaos
  9341 | D:10     | Killed a +1 hand axe of chaos
  9342 | D:10     | Reached XP level 12. HP: 112/112 MP: 9/11
  9353 | D:10     | Killed cheesebisquit's ghost
  9526 | D:11     | Noticed a boulder beetle
  9598 | D:11     | Killed a boulder beetle
 10009 | D:11     | Found a transporter.
 10010 | D:11     | Found a transporter.
 10025 | D:11     | Found a transporter.
 10025 | D:11     | Found a transporter.
 10088 | D:11     | Found a transporter.
 10095 | D:11     | Found a transporter.
 10705 | D:12     | Noticed a boulder beetle
 10712 | D:12     | Killed a boulder beetle
 11002 | D:12     | Noticed a five-headed hydra
 11008 | D:12     | Killed a three-headed hydra
 11445 | D:12     | Noticed a two-headed ogre
 11451 | D:12     | Killed a two-headed ogre
 11935 | D:13     | Noticed a centaur warrior
 11947 | D:13     | Killed a centaur warrior
 11948 | D:13     | Reached XP level 13. HP: 113/123 MP: 12/12
 12497 | D:13     | Received a gift from Trog
 12839 | D:13     | Found a gate to the Vaults.
 13470 | D:14     | Noticed a fire giant
 13478 | D:14     | Killed a fire giant
 14431 | D:14     | Noticed an entropy weaver
 14441 | D:14     | an entropy weaver changed into a six-headed hydra
 14476 | D:14     | Found a sparkling altar of Nemelex Xobeh.
 14822 | D:15     | Entered Level 15 of the Dungeon
 14908 | D:15     | Noticed an ettin
 14918 | D:15     | Killed an ettin
 14919 | D:15     | Reached skill level 15 in Fighting
 15379 | D:15     | Found a staircase to the Depths.
 15393 | D:15     | Reached XP level 14. HP: 99/135 MP: 13/13
 15515 | D:15     | Found a broken altar of Ashenzari.
 15552 | D:15     | Found a portal to a secret trove of treasure.
 15701 | D:15     | Noticed Louise
 15704 | Abyss:2  | Found a corrupted altar of Lugonu.
 15704 | Abyss:2  | Cast into level 2 of the Abyss (a wizard)
 15708 | Abyss:2  | Noticed a starcursed mass
 15826 | Abyss:2  | Reached skill level 15 in Armour
 15864 | Abyss:2  | Noticed a lich
 15879 | Abyss:2  | Killed a lich
 15949 | Abyss:2  | Noticed a tentacled starspawn
 16071 | Abyss:3  | Killed a tentacled starspawn
 16155 | Abyss:3  | Noticed a bone dragon
 16157 | Abyss:3  | Noticed an Executioner
 16158 | D:15     | Escaped the Abyss
 16167 | D:15     | Killed Louise
 16374 | D:15     | Identified the +1 robe "Xofoam" {rPois rC+ Dex+4}
 16391 | D:15     | Reached skill level 1 in Shields
 16398 | D:15     | Reached skill level 2 in Shields
 16407 | D:15     | Reached skill level 3 in Shields
 16726 | D:15     | Reached skill level 4 in Shields
 17688 | Lair:1   | Entered Level 1 of the Lair of Beasts
 17723 | Lair:1   | Found a frozen archway.
 17731 | IceCv    | Entered an ice cave
 17774 | IceCv    | Identified the +6 dire flail of Contradiction {vorpal,
                  | rPois rCorr Str-2 SInv} (Trog gifted it to you in an ice
                  | cave)
 17774 | IceCv    | Received a gift from Trog
 17841 | IceCv    | Reached skill level 5 in Shields
 18192 | IceCv    | Reached skill level 6 in Shields
 18469 | IceCv    | Noticed a frost giant
 18483 | IceCv    | Killed a frost giant
 18488 | IceCv    | Reached skill level 7 in Shields
 19152 | Lair:1   | Identified the +0 ring mail "Forget-Me-Not" {rF+ Regen+}
 19285 | Lair:1   | Reached XP level 15. HP: 145/145 MP: 14/14
 19609 | Lair:2   | Found a staircase to the Snake Pit.
 19773 | Lair:2   | Noticed Harold
 19786 | Lair:2   | Killed Harold
 19787 | Lair:2   | Reached skill level 8 in Shields
 19816 | Lair:2   | Found a staircase to the Shoals.
 20136 | Lair:2   | Received a gift from Trog
 20242 | Lair:2   | Found the +8 whip "Snakebite" {venom, curare, rPois}
 20881 | Lair:3   | Reached skill level 9 in Shields
 21626 | Lair:4   | Reached skill level 10 in Shields
 22396 | Lair:4   | Found a runed translucent door.
 22397 | Lair:4   | Noticed Veeshiej's ghost (journeyman MiFi)
 22662 | Lair:4   | Killed Veeshiej's ghost
 22721 | Lair:5   | Entered Level 5 of the Lair of Beasts
 22804 | Lair:5   | Reached ****** piety under Trog
 23253 | Lair:5   | Reached skill level 11 in Shields
 23267 | Lair:5   | Found a viscous altar of Jiyva.
 23267 | Lair:5   | Found a staircase to the Slime Pits.
 23502 | Lair:5   | Received a gift from Trog
 23794 | Lair:5   | Found a corrupted altar of Lugonu.
 23794 | Lair:5   | Found a one-way gate to the infinite horrors of the Abyss.
 24150 | Lair:5   | Reached skill level 12 in Shields
 24572 | Snake:1  | Entered Level 1 of the Snake Pit
 24591 | Snake:1  | Reached XP level 16. HP: 156/156 MP: 15/15
 24781 | Snake:1  | Noticed Mlioglotl
 24947 | Lair:2   | Killed Mlioglotl
 25142 | Snake:1  | Reached skill level 13 in Shields
 25601 | Snake:1  | Received a gift from Trog
 26645 | Temple   | Entered the Ecumenical Temple
 27432 | Snake:2  | Found a sparkling altar of Nemelex Xobeh.
 27708 | Snake:2  | Found Gueciq's Book Emporium.
 27725 | Snake:2  | Reached skill level 14 in Shields
 28533 | Snake:2  | You fall into a shaft and drop 1 floor!
 29664 | Snake:3  | Noticed Saint Roka
 29678 | Snake:3  | Killed Saint Roka
 29679 | Snake:3  | Reached skill level 15 in Shields
 29682 | Snake:3  | Received a gift from Trog
 30070 | Snake:3  | Found a glowing golden altar of the Shining One.
 30070 | Snake:3  | Noticed Aizul
 30087 | Snake:3  | Killed Aizul
 30555 | Snake:3  | Identified the +1 ring mail "Zonoh" {rElec rC+ Will+ SInv}
 30569 | Snake:3  | Noticed Vashnia
 31262 | Snake:3  | Killed Vashnia
 31263 | Snake:3  | Reached XP level 17. HP: 109/166 MP: 16/16
 31882 | Snake:3  | Identified a scroll of acquirement
 31884 | Snake:3  | Acquired the +3 pair of seven-league boots {Rampage+∞}
 31884 | Snake:3  | Found the +3 pair of seven-league boots {Rampage+∞}
 31909 | Snake:4  | Entered Level 4 of the Snake Pit
 31930 | Snake:4  | Reached skill level 16 in Shields
 32989 | Snake:4  | Received a gift from Trog
 33256 | Snake:4  | Reached skill level 17 in Shields
 34416 | Snake:4  | Got a serpentine rune of Zot
 34741 | Snake:4  | Acquired 784 gold pieces
 35065 | Shoals:1 | Entered Level 1 of the Shoals
 35142 | Shoals:1 | Noticed a kraken
 35144 | Shoals:1 | Noticed a kraken
 35153 | Shoals:1 | Killed a kraken
 35154 | Shoals:1 | Reached skill level 18 in Shields
 35156 | Shoals:1 | Killed a kraken
 35352 | Shoals:1 | Found a transporter.
 35353 | Shoals:1 | Noticed Powssss's ghost (journeyman MiFi)
 35366 | Shoals:1 | Found a transporter.
 35389 | Shoals:1 | Received a gift from Trog
 35401 | Shoals:1 | Killed Powssss's ghost
 35501 | Shoals:1 | Identified the ring of Crawling {Fly rC++ Dex+3 SInv}
 35506 | Shoals:1 | Identified the ring "Xatwaac" {rPois MP+9 Stlth+}
 35691 | Shoals:1 | Reached XP level 18. HP: 178/178 MP: 17/17
 35696 | Shoals:1 | Noticed Frances
 35702 | Shoals:1 | Killed Frances
 35875 | Shoals:1 | Found a runed translucent door.
 36544 | Shoals:1 | Identified the +4 halberd of the Crushed Artists {vorpal,
                  | Int+3}
 36612 | Shoals:1 | Reached skill level 19 in Shields
 36814 | Shoals:2 | Found Zeor's Armour Shoppe.
 36820 | Shoals:2 | Noticed Nikola
 36832 | Shoals:2 | Killed Nikola
 37778 | Shoals:3 | Found Neokup's Distillery.
 37800 | Shoals:3 | Bought a potion of curing for 51 gold pieces
 37800 | Shoals:3 | Bought a potion of curing for 51 gold pieces
 37800 | Shoals:3 | Bought a potion of haste for 170 gold pieces
 37809 | Shoals:3 | Received a gift from Trog
 38712 | Shoals:4 | Entered Level 4 of the Shoals
 38896 | Shoals:4 | Reached skill level 20 in Shields
 39829 | Shoals:4 | Received a gift from Trog
 40340 | Shoals:4 | Identified the +7 quarterstaff "Leiman" {vorpal, rF+ rN++
                  | Will- Str+4}
 40468 | Shoals:4 | Got a barnacled rune of Zot
 41113 | Vaults:1 | Entered Level 1 of the Vaults
 41131 | Vaults:1 | Found a crumbling gateway.
 41140 | Desolati | Entered the Desolation of Salt
 41165 | Desolati | Reached XP level 19. HP: 134/189 MP: 0/18
 41226 | Desolati | Received a gift from Trog
 41594 | Desolati | Reached skill level 21 in Shields
 41737 | Desolati | Identified the +2 spear "Vegy" {vamp, rN+}
 41961 | Desolati | Identified the +0 helmet of Tubbiargh {Int+2}
 41981 | Desolati | Identified the +6 broad axe "Midda" {vorpal, Will+ Int+4}
 42239 | Desolati | Identified the ring "Wacuerghe" {Fly rC+ Dex+6}
 42246 | Desolati | Found the +9 staff of Olgreb {rPois∞}
 42254 | Desolati | Identified the +4 broad axe "Tangomirag" {flame, rC- rN+++
                  | Str+2 SInv} (Trog gifted it to you in the Desolation of
                  | Salt)
 42254 | Desolati | Received a gift from Trog
 42868 | Desolati | Identified the ring "Foguthruq" {rC+ Dex+5}
 43318 | Vaults:1 | Reached skill level 22 in Shields
 43765 | Vaults:1 | Found Ugrimpem's General Store.
 43778 | Vaults:1 | Bought a potion of heal wounds for 50 gold pieces
 43778 | Vaults:1 | Bought a scroll of blinking for 75 gold pieces
 43965 | D:15     | You paid a toll of 6 scrolls of blinking to enter a
                  | treasure trove
 43966 | Trove    | Entered a treasure trove
 43969 | Trove    | Found the +10 tower shield of Ignorance {rN+ Int-4}
 43971 | Trove    | Identified the +5 ring mail of the Merchant {rC+ Str+4}
 43972 | Trove    | Identified the +3 leather armour "Pousen" {rElec Str-5
                  | Int-4 Dex+8}
 43974 | Trove    | Identified the +0 hat of Good Intentions {Int+2}
 43977 | Trove    | Identified the +7 plate armour of Retoam {+Blink Int-4 SInv
                  | Stlth+}
 43985 | Trove    | Identified the +10 plate armour of Faex {rF+ Dex+2}
 44676 | Vaults:1 | Received a gift from Trog
 44982 | Vaults:2 | Received a gift from Trog
 44992 | Vaults:2 | Reached XP level 20. HP: 190/200 MP: 0/19
 44997 | Vaults:2 | Found a magical portal.
 45006 | WizLab   | Entered Borgnjor's Mausoleum
 45222 | WizLab   | Reached skill level 23 in Shields
 46360 | Vaults:2 | Received a gift from Trog
 47291 | Vaults:2 | Reached skill level 24 in Shields
 48207 | Vaults:3 | Noticed Mara
 48219 | Vaults:3 | Received a gift from Trog
 48225 | Vaults:3 | Killed Mara
 48362 | Vaults:3 | Found a staircase to the Crypt.
 48410 | Vaults:3 | Identified the +3 chain mail of the Viny God {Int+6}
 49052 | Vaults:4 | Reached XP level 21. HP: 203/211 MP: 18/20
 49216 | Vaults:4 | Received a gift from Trog
 49244 | Vaults:4 | Reached skill level 25 in Shields
 49254 | Abyss:3  | Cast into level 3 of the Abyss (a wizard)
 49305 | Vaults:4 | Escaped the Abyss
 49824 | Vaults:4 | Found Juboom's Antique Armour Boutique.
 49829 | Vaults:4 | Received a gift from Trog
 50900 | Vaults:5 | Entered Level 5 of the Vaults
 50902 | Vaults:5 | Noticed a golden dragon
 51010 | Vaults:5 | Noticed a golden dragon
 51013 | Vaults:5 | Noticed a dread lich
 51031 | Vaults:4 | Killed a golden dragon
 51039 | Vaults:4 | Reached skill level 26 in Shields
 51297 | Vaults:4 | Killed a dread lich
 51435 | Vaults:4 | Killed a golden dragon
 51590 | Vaults:5 | Received a gift from Trog
 51620 | Vaults:5 | Identified the +10 scimitar "Ultimatum" {distort, rN+
                  | Dex+2}
 51629 | Vaults:5 | Identified the amulet of Xacrih {Spirit rC+++ Regen+ Str-4
                  | Int-4}
 51858 | Vaults:5 | Noticed Sojobo
 51865 | Abyss:3  | Cast into level 3 of the Abyss (a deep elf sorcerer)
 51972 | Abyss:3  | Found a corrupted altar of Lugonu.
 51980 | Abyss:4  | Found a corrupted altar of Lugonu.
 52033 | Vaults:5 | Escaped the Abyss
 52046 | Vaults:4 | HP: 4/321 [tengu reaver/bolt of poison (51)]
 52047 | Vaults:4 | Reached XP level 22. HP: 4/222 MP: 0/21
 52047 | Vaults:4 | HP: 1/333 [poisoned by a tengu reaver (bolt of poison)]
 52048 | Vaults:4 | Succumbed to a tengu reaver's bolt of poison

Illustrated notes

Levels and vault maps discovered:
D:1:      dpeg_arrival_morbid_curiosity, layout_basic, minmay_misc_feat_roman,
          minmay_pentomino_u4
D:2:      layout_rooms, serial_shops, shop_fountains,
          chequers_ecumenical_altar_island, basic_altar,
          kennysheep_generic_room_14, uniq_sigmund
D:3:      layout_basic
D:4:      layout_basic, minmay_pentangle
D:5:      layout_loops_ring, mainiacjoe_overflow_cross_hatched, temple_hall,
          st_stairs_6, nrook_pool_corridor, minmay_splitting_lines,
          uniq_blork_the_orc, uniq_eustachio
D:6:      layout_basic, minmay_misc_feat_pillars, uniq_maggie
D:7:      lemuel_castle_with_subvaults [lemuel_castle_interior_carwin_3],
          layout_rooms, nicolae_overflow_crystal_walls,
          mainiacjoe_overflow_boulevard, mainiacjoe_overflow_paths,
          serial_curves, eino_curves_03, eino_curves_04, eino_curves_03,
          serial_shops, nicolae_shop_trees, minmay_manual_monstrance
D:8:      layout_rooms, lemuel_crystal_altar, lemuel_crystal_altar,
          ebering_ghost_reflecting_pool
D:9:      layout_basic, fedhas_ov_isle_minmay, minitemple,
          grunt_lair_entry_orc_guard_hut, uniq_gastronok
D:10:     layout_basic, david_orc_4, ebering_ghost_xom, uniq_nergalle,
          uniq_maurice
D:11:     layout_cave_pods, serial_nicolae_subway, nicolae_sub_station_metal,
          nicolae_sub_station_crystal, nicolae_sub_station_stone
D:12:     layout_irregular_city
D:13:     layout_long_grid, grunt_vaults_entry_tiered
D:14:     nzn_winding_woodlands_small [nzn_winding_woodlands_5x15_concentric,
          nzn_winding_woodlands_center_diamonds,
          nzn_winding_woodlands_5x15_twine], layout_basic,
          nemelex_spade_bored_becter, serial_aquarium, aquarium_bridge_square
          [aquarium_subvault_wall, aquarium_subvault_wall,
          aquarium_subvault_bridge, aquarium_subvault_window],
          aquarium_bridge_island_large [aquarium_subvault_large_water,
          aquarium_subvault_bridge, aquarium_subvault_balcony,
          aquarium_subvault_balcony, aquarium_subvault_bridge],
          aquarium_window_fake, aquarium_window_3, aquarium_view_2b,
          aquarium_pool_2
D:15:     hangedman_depths_entry_civil_slaughter, layout_loops_corners,
          enter_trove_1, cheibrodos_ashenzari_chains, minivault_8, uniq_louise
Temple:   compressed_dpeg_circular_temple
Lair:1:   layout_regular_city, portal_ice_cave_entry_pillars_2
Lair:2:   minmay_guarded_unrand_snakebite, layout_small_grid,
          minmay_shoals_entry_centaurs, guppyfry_snake_entry_garden,
          st_stairs_13, nicolae_lair_run_with_the_wolves, uniq_harold
Lair:3:   wander_river, layout_regular_city, lemuel_fruit_fields,
          lemuel_fruit_tree
Lair:4:   layout_cave_pods, gammafunk_ghost_grave
Lair:5:   hellmonk_lair_end_abyssal_woods, layout_cellular_growth,
          nicolae_slime_entry_slimehenge
Shoals:1: nicolae_shoals_lighthouse, layout_shoals,
          gammafunk_ghost_berserking_beasts, uniq_frances
Shoals:2: layout_shoals, serial_shops, nicolae_shop_trees, uniq_nikola
Shoals:3: layout_shoals, serial_shops, shop_fountains
Shoals:4: shoals_end_hellmonk_lost_city
Snake:1:  layout_rooms, nicolae_snake_coiling_death, uniq_mlioglotl
Snake:2:  layout_chambers, basic_altar, minmay_shop_grid_forest
Snake:3:  layout_onion, basic_altar, nicolae_snake_single_loop, uniq_aizul,
          uniq_vashnia, uniq_saint_roka
Snake:4:  grunt_snake_rune_serpentine_throne, layout_rooms,
          hangedman_corner_corridor
Vaults:1: portal_desolation_entry_nicolae_nacl, nicolae_vaults_circle_grid_a,
          grunt_vaults_bifocal, nicolae_vaults_ring_of_whatevers,
          vaults_dpeg_diagonal, layout_vaults_omnigrid, serial_shops,
          nicolae_shop_window_shopping
Vaults:2: mu_enter_wizlab_6, dpeg_vaults_monster_row, hangedman_vaults_nodes,
          vaults_room_door_hall, vaults_room_semicircle,
          hangedman_vaults_cutoff, v_misc_4, hangedman_vaults_slice,
          ontoclasm_vaults_bender, ontoclasm_vaults_claustrophobia,
          layout_vaults_ring
Vaults:3: minmay_crypt_entry_simple_box, nicolae_vaults_big_angled_halls,
          vaults_standard_mumra_x, v_misc_4, v_alt_pattern_1,
          grunt_vaults_hallway_long, nicolae_vaults_triangles, st_lines,
          hangedman_vaults_maws, vaults_room_semicircle,
          layout_vaults_maze_bifur, uniq_mara
Vaults:4: vaults_dpeg_doors, v_misc_4, v_pattern_4, ontoclasm_vaults_ligature,
          vaults_mumra_hex, v_misc_5, nicolae_vaults_diagonal_hallway_7,
          nicolae_vaults_network_quinsquares
          [nicolae_vaults_network_quincunx_subvault,
          nicolae_vaults_network_quincunx_subvault,
          nicolae_vaults_network_quincunx_subvault,
          nicolae_vaults_network_quincunx_subvault], ontoclasm_vaults_gateway,
          nicolae_vaults_network_s, nicolae_vaults_little_squares_3,
          vaults_room_semicircle, layout_vaults_big_room, serial_shops,
          nicolae_shop_window_shopping
Vaults:5: serial_shops, uniq_sojobo

Skill      XL: |  1  2  3  4  5  6  7  8  9 10 11 12 13 14 15 16 17 18 19 20 21 |
---------------+----------------------------------------------------------------+-----
Axes           | 4 6 7 8 10 12 14 16 18 20 21 | 21.2
Fighting       | 4 5 6 7 9 10 12 13 15 16 17 18 19 21 22 23 24 | 24.1
Armour         | 3 4 5 6 7 9 10 12 13 14 16 17 18 19 20 21 23 24 | 24.0
Shields        | 7 12 15 18 20 22 24 26 | 26.6
Dodging        | |  2.1

Action                   |  1- 3 |  4- 6 |  7- 9 | 10-12 | 13-15 | 16-18 | 19-21 | 22-24 || total
-------------------------+-------+-------+-------+-------+-------+-------+-------+-------++-------
Melee: Hand axe          |    85 |       |       |       |       |       |       |       ||    85
       Headbutt          |     6 |    11 |    21 |    72 |   189 |   250 |   336 |     2 ||   887
       Punch             |     1 |     2 |     2 |     7 |     2 |       |       |       ||    14
       War axe           |       |    83 |    78 |       |       |       |       |       ||   161
       Broad axe         |       |       |    92 |   363 |   776 |  1066 |  1164 |     2 ||  3463
       Battleaxe         |       |       |       |       |    67 |       |       |       ||    67
Invok: Berserk           |     1 |       |     3 |     4 |     7 |    16 |    10 |       ||    41
Evoke: Wand              |       |       |       |       |       |     2 |       |       ||     2
  Use: Scroll            |       |       |     2 |    14 |    14 |    19 |     4 |       ||    53
       Potion            |       |       |       |       |     6 |     9 |       |       ||    15
Armor: Chain mail        |    40 |    37 |    62 |   122 |       |       |       |       ||   261
       Animal skin       |     1 |       |       |       |       |       |       |       ||     1
       Plate armour      |       |       |       |    42 |   304 |    56 |   267 |       ||   669
       Crystal plate arm |       |       |       |       |       |   411 |    67 |       ||   478
Dodge: Dodged            |    44 |    50 |   100 |   172 |   247 |   275 |   209 |       ||  1097
Block: Other             |       |       |       |    28 |    36 |       |       |       ||    64
       Reflection        |       |       |       |     4 |    11 |   237 |    62 |       ||   314
       Tower shield      |       |       |       |       |   548 |  1287 |  1332 |       ||  3167
